 Dungeon Crawl Stone Soup version 0.17-a0-1591-g7a45446 (webtiles) character file.

444566 mrath the Peltast (level 23, -25/211 HPs)
             Began as a Minotaur Fighter on July 26, 2015.
             Was an Elder of Okawaru.
             Annihilated by a titan (32 damage)
             ... on level 5 of the Vaults on July 29, 2015.
             The game lasted 15:13:05 (78139 turns).

mrath the Peltast (Minotaur Fighter)               Turns: 78139, Time: 15:13:06

Health: -25/211    AC: 33    Str: 33    XL:     23   Next: 8%
Magic:  40/41      EV: 15    Int:  5    God:    Okawaru [****..]
Gold:   2501       SH: 27    Dex:  8    Spells: 2 memorised, 19 levels left

rFire  . . .     SeeInvis +     b - +8 war axe of the Wolf {elec, Str+2}
rCold  + + .     Clarity  .     B - +2 plate armour "Emeaplor" {rElec Str+2 SInv}
rNeg   + . .     SustAt   .     c - +1 large shield {rC+}
rPois  +         Gourm    .     J - +2 hat {MR+}
rElec  +         Spirit   .     E - +2 cloak {MR+}
rCorr  .         Warding  +     x - +1 pair of gloves {archery}
rMut   .         Stasis   .     a - +0 pair of boots {Fly}
MR     ++++.                    u - amulet of the Cast Vote {Ward rC+ rN+ Str-2 Stlth+}
Stlth  ..........               S - ring of poison resistance
                                l - ring of Lyhuefin {rElec MR+ MP+9 Str+3 Dex-5}

@: heroism, flying, studying Fighting, incredibly resistant to hostile
enchantments, extremely unstealthy
A: retaliatory headbutt, horns 2, wild magic 1, MP-powered wands
a: Heroism, Renounce Religion, Stop Flying
}: 2/15 runes: serpentine, barnacled


You were on level 5 of the Vaults.
You worshipped Okawaru.
Okawaru was greatly pleased with you.
You were not hungry.

You visited 8 branches of the dungeon, and saw 44 of its levels.
You visited 1 bazaar.
You also visited: Bailey and Ice Cave.

You collected 6412 gold pieces.
You spent 3911 gold pieces at shops.

Inventory:

Hand weapons
 b - the +8 war axe of the Wolf (weapon) {elec, Str+2}
   (You found it on level 1 of the Lair of Beasts)

   Occasionally, upon striking a foe, it will discharge some electrical energy
   and cause terrible harm.
   It affects your strength (+2).
 m - a +6 flail of protection
Missiles
 v - a poisoned javelin (quivered)
Armour
 a - a +0 pair of boots of flying (worn)
 c - a +1 large shield of cold resistance (worn)
 x - a +1 pair of gloves of archery (worn)
 B - the +2 plate armour "Emeaplor" (worn) {rElec Str+2 SInv}
   (You bought it in a shop on level 4 of the Orcish Mines)

   It affects your strength (+2).
   It insulates you from electricity.
   It lets you see invisible.
 E - a +2 cloak of magic resistance (worn)
 J - a +2 hat of magic resistance (worn)
Rods
 q - a +0 rod of the swarm (10/10)
   (You took it off a naga on level 2 of the Snake Pit)
Jewellery
 f - an uncursed ring of protection from magic
 i - the ring of Noam {+Inv rC+}
   (You took it off a deep elf death mage on level 3 of the Elven Halls)

   [ring of invisibility]

   It protects you from cold.
   It lets you turn invisible.
 l - the ring of Lyhuefin (left hand) {rElec MR+ MP+9 Str+3 Dex-5}
   (You bought it in a shop on level 4 of the Orcish Mines)

   [ring of strength]

   It affects your strength (+3).
   It affects your dexterity (-5).
   It insulates you from electricity.
   It affects your resistance to hostile enchantments.
   It affects your magic capacity (+9).
 p - an uncursed amulet of resist mutation
 r - an uncursed amulet of regeneration
 s - an uncursed amulet of clarity
 u - the amulet of the Cast Vote (around neck) {Ward rC+ rN+ Str-2 Stlth+}
   (You took it off a deep elf fighter on level 3 of the Elven Halls)

   [amulet of warding]

   It may prevent the melee attacks of summoned creatures.
   It affects your strength (-2).
   It protects you from cold.
   It protects you from negative energy.
   It makes you more stealthy.
 P - an uncursed ring of protection from fire
 S - a ring of poison resistance (right hand)
 X - an uncursed amulet of resist corrosion
Magical devices
 d - a wand of disintegration (17)
 o - a wand of fireball (15)
 y - a wand of confusion (27)
 A - a wand of disintegration (19)
 H - a wand of cold (10)
 K - a wand of digging (24)
 N - a wand of fire (10)
Scrolls
 z - 2 scrolls of summoning
 C - 6 scrolls of teleportation
 D - 3 scrolls of fog
 F - 2 scrolls of blinking
 L - a scroll of acquirement
 U - 15 scrolls of remove curse
 Y - a scroll of silence
 Z - 4 scrolls of fear
Potions
 g - 4 potions of invisibility
 h - 4 potions of resistance
 n - 2 potions of berserk rage
 t - 18 potions of curing
 M - 2 potions of might
 O - 3 potions of agility
 Q - 4 potions of cancellation
 R - a potion of haste
 T - 3 potions of heal wounds
 V - a potion of cure mutation
Books
 I - a manual of Fighting
Miscellaneous
 e - a legendary deck of destruction {drawn: 2}
 j - a stone of tremors
 k - a plain deck of defence {drawn: 1}
 w - a fan of gales
 W - a lamp of fire (inert)
Comestibles
 G - 13 royal jellies


   Skills:
 + Level 18.4(23.4) Fighting
 + Level 18.3(23.3) Axes
 + Level 16.9(21.9) Throwing
 + Level 18.4(23.4) Armour
 + Level 15.3(20.3) Dodging
 + Level 18.5(23.5) Shields
 + Level 13.9 Invocations
 + Level 13.1 Evocations


You had 19 spell levels left.
You knew the following spells:

 Your Spells              Type           Power        Failure   Level  Hunger
a - Swiftness             Chrm/Air       #.......     100%        2    ###....
b - Corona                Hex            #......      99%         1    ##.....


Dungeon Overview and Level Annotations

Branches:
Dungeon (15/15)            Temple (1/1) D:4            Lair (8/8) D:11
 Shoals (4/4) Lair:3        Snake (4/4) Lair:4        Slime (0/6) Lair:8
    Orc (4/4) D:11            Elf (3/3) Orc:3        Vaults (5/5) D:14
  Crypt (0/3) Vaults:2     Depths (0/5) D:15

Altars:
Cheibriados
Dithmenos
Elyvilon
Fedhas
Gozag
Kikubaaqudgha
Makhleb
Nemelex Xobeh
Okawaru
Qazlal
Ru
Trog
Vehumet
Xom
Yredelemnul
Zin
The Shining One
Beogh
Jiyva

Shops:
D:11 (   D:14 !   Orc:4 *[}*   Elf:2 (   Shoals:1 %   Snake:2 [   Vaults:3 (

Portals:
Trove: D:13 (give 13 potions of heal wounds)

Annotations:
D:4 Grinder


Innate Abilities, Weirdness & Mutations

You reflexively headbutt those who attack you in melee.
You have a pair of horns on your head.
Your spells are a little harder to cast, but a little more powerful.
You expend magic power (3 MP) to strengthen your wands.


Message History

You assume a fearsome visage.
The deep elf conjurer easily resists.
The battlesphere is unaffected.
The tengu reaver resists with almost no effort.
The battlesphere is unaffected.
The titan resists with almost no effort.
Your fire elemental is unaffected. x2
The yaktaur captain looks frightened!
The tengu reaver resists with some effort.
The titan resists with almost no effort.
The vault warden resists with almost no effort.
The fire dragon looks frightened!
The deep troll earth mage looks frightened!
The vault sentinel looks frightened! x2
You block the vault warden's attack.
Your fire elemental hits the titan.
Your fire elemental burns the titan!
You block the deep elf conjurer's attack.
Your fire elemental hits the battlesphere.
Your fire elemental burns the battlesphere!
The battlesphere completely resists.
The titan hits you!!
You die...

... #....# ...
#....# . ....
#....# $.
.....#...(# ...
.....#....#....
........(..(.§.
####..Ce*EE.###
.......@QC§....
.....*QDc<.....
.....p.<<......
.......T(.p....
####........###
..........#
...#....#...#
....#....##...


You could see 2 titans, a fire dragon (fleeing), a vault warden, 2 tengu
reavers, a yaktaur captain (fleeing), a vault sentinel (fleeing), a deep troll
earth mage (fleeing), a deep elf conjurer and 2 friendly fire elementals.

Vanquished Creatures
  Vashnia (Snake:4)
  Jorgrun (Snake:4)
  An Ice Fiend (IceCv)
  2 deep elf blademasters
  2 deep elf master archers (Elf:3)
  A kraken (Shoals:4)
  2 sphinxes (Vaults:4)
  Polyphemus (Shoals:2)
  Gastronok (Lair:1)
  Agnes (Snake:3)
  Ilsuiw (Shoals:4)
  3 fire giants
  8 greater nagas
  A frost giant (Vaults:3)
  12 deep elf sorcerers
  2 orc warlords
  19 vault wardens
  11 ironheart preservers
  6 very ugly things
  A war gargoyle (Vaults:4)
  13 stone giants
  7 deep elf demonologists
  3 salamander stormcallers
  12 deep elf annihilators
  3 ettins
  2 crystal guardians
  6 merfolk javelineers
  6 deep elf death magi (Elf:3)
  10 yaktaur captains
  4 fire dragons
  The ghost of cireshan the Eclecticist, a powerful DECj of Sif Muna (Orc:4)
  An eidolon (Vaults:2)
  7 merfolk impalers
  36 vault guards
  Josephine (Lair:4)
  Fannar (Lair:1)
  4 deep elf high priests (Elf:3)
  An ice dragon (D:15)
  6 hydras
  11 naga warriors
  A great orb of eyes (Vaults:3)
  3 merfolk avatars
  2 merfolk aquamancers (Shoals:4)
  16 anacondas
  8 ogre magi
  A catoblepas (Shoals:2)
  14 dancing weapons
  A satyr (Shoals:3)
  11 centaur warriors
  An anaconda (shapeshifter) (Vaults:5)
  A queen ant (Lair:8)
  A vampire mage (Vaults:3)
  A deep troll earth mage (Vaults:4)
  A tengu warrior (D:15)
  The ghost of cireshan the Thaumaturge, a powerful DECj of Sif Muna (D:10)
  13 shock serpents
  23 naga sharpshooters
  6 orc high priests
  A titan zombie (Vaults:5)
  3 death yaks (Shoals:2)
  Urug (Orc:1)
  3 small abominations
  Sonja (D:13)
  Nergalle (Orc:1)
  2 shadow wraiths (Vaults:4)
  A fire crab (Vaults:4)
  A fire crab (shapeshifter) (Vaults:4)
  5 salamander mystics
  5 skeletal warriors (D:14)
  14 sea snakes
  23 deep elf knights
  6 hell knights (Vaults:4)
  7 ice devils (IceCv)
  2 giant orange brains
  7 unseen horrors
  11 deep trolls
  20 ironbrand convokers
  6 naga ritualists
  3 tengu zombies
  15 deep elf summoners
  3 necromancers (Vaults:4)
  2 ice statues (IceCv)
  17 orc knights
  A swamp dragon (shapeshifter) (D:15)
  2 hornets
  21 harpies
  14 hill giants
  4 lindwurms (Snake:4)
  9 mana vipers
  28 ugly things
  5 wolf spiders
  9 cyclopes
  A wolf spider zombie (D:14)
  A mana viper (shapeshifter) (Vaults:4)
  7 orc sorcerers
  9 fauns
  19 griffons
  4 water nymphs
  9 salamanders
  19 deep elf conjurers
  10 manticores
  25 naga magi
  A black mamba (shapeshifter) (Vaults:2)
  5 guardian serpents (Snake:4)
  6 elephants
  5 sirens
  3 gargoyles
  14 vault sentinels
  A guardian serpent (shapeshifter) (D:12)
  33 black mambas
  2 anaconda simulacra (IceCv)
  2 efreet (D:13)
  8 kobold demonologists
  62 yaktaurs
  A yaktaur zombie (Vaults:4)
  7 komodo dragons
  23 spiny frogs
  A komodo dragon (shapeshifter) (Vaults:2)
  3 fire drakes
  The ghost of mrath the Skirmisher, an average MiFi (D:4)
  A yaktaur (shapeshifter) (Vaults:1)
  6 freezing wraiths
  18 merfolk
  The ghost of Zooty the Basher, an average OgFE of Zin (D:3)
  4 blue devils (IceCv)
  16 deep elf priests
  A polar bear (Lair:8)
  7 trolls
  8 two-headed ogres
  3 wind drakes
  A yaktaur skeleton (Vaults:5)
  4 boulder beetles
  17 slime creatures
  3 giant leeches (Lair:8)
  10 blink frogs
  A queen bee (D:13)
  10 snapping turtles
  2 trapdoor spiders
  Sigmund (D:4)
  23 yaks
  A dire elephant simulacrum (IceCv)
  13 redbacks
  13 water elementals
  A redback (shapeshifter) (D:15)
  37 deep elf magi
  A vampire (Vaults:2)
  A shadow (D:15)
  49 deep elf fighters
  4 hungry ghosts
  2 yaks (shapeshifter) (Vaults:1)
  8 wraiths
  Eustachio (D:6)
  4 wyverns
  2 basilisks
  A human (shapeshifter) (Vaults:3)
  A golden eye (shapeshifter) (Elf:1)
  27 vampire mosquitoes
  A steam dragon (D:11)
  12 hippogriffs
  3 wolves (Lair:4)
  Menkaure (D:6)
  38 nagas
  An iron troll simulacrum (IceCv)
  3 mottled dragons
  9 wargs
  3 harpy simulacra (IceCv)
  A hydra simulacrum (IceCv)
  5 soldier ants (Lair:8)
  54 orc warriors
  21 water moccasins
  A mottled dragon (shapeshifter) (Elf:1)
  A deep troll skeleton (Vaults:5)
  8 porcupines
  Purgy (D:4)
  3 wasps
  4 ice beasts
  5 sky beasts
  37 ogres
  3 black bears
  17 boggarts
  An eye of draining (D:12)
  An ettin simulacrum (IceCv)
  4 phantoms
  3 necrophages
  10 crocodiles
  A human skeleton (Vaults:4)
  18 centaurs
  29 giant frogs
  5 big kobolds
  5 brain worms
  4 wyvern skeletons
  5 scorpions
  30 killer bees
  2 human simulacra
  5 wights (D:15)
  10 electric eels
  3 centaur zombies
  A giant frog zombie (D:11)
  3 hounds
  9 crimson imps
  5 centaur skeletons
  6 iguanas
  3 jellies
  55 orc wizards
  32 orc priests
  Jessica (D:3)
  20 worker ants
  Terence (D:3)
  Natasha (thrice) (D:4)
  An elf simulacrum (Vaults:4)
  20 sheep
  A giant frog simulacrum (D:13)
  2 hound skeletons (D:8)
  A worker ant zombie (D:10)
  46 river rats
  22 adders
  28 gnolls
  4 shadow imps
  An ooze (shapeshifter) (D:14)
  2 oozes
  A worm (D:3)
  5 giant geckos
  215 orcs
  20 bats
  A bat skeleton (D:4)
  5 giant cockroaches
  22 goblins
  31 hobgoblins
  8 quokkas
  A ball python (Lair:4)
  2 giant gecko zombies
  A giant newt (D:3)
  9 jackals
  A jackal skeleton (D:5)
  39 kobolds
  A quokka skeleton (D:4)
  17 rats
  A crawling corpse (Vaults:4)
  4 fungi
  23 plants
  7 tentacles
  2 tentacle segments (Shoals:4)
2206 creatures vanquished.

Vanquished Creatures (others)
  A deep elf high priest (Elf:3)
  An orc high priest (Orc:4)
  A vault sentinel (Vaults:3)
  A centaur skeleton (D:15)
  A human skeleton (Vaults:5)
  An orc wizard (Orc:4)
  A worker ant (D:13)
  A crawling corpse (Elf:3)
  17 fungi
  5 plants (Lair:8)
  31 tentacles
  968 tentacle segments
1029 creatures vanquished.

Grand Total: 3235 creatures vanquished

Notes
Turn   | Place    | Note
--------------------------------------------------------------
     0 | D:1      | mrath the Minotaur Fighter began the quest for the Orb.
     0 | D:1      | Reached XP level 1. HP: 19/19 MP: 0/0
   298 | D:1      | Reached XP level 2. HP: 27/27 MP: 1/1
   320 | D:1      | Reached skill level 4 in Fighting
   987 | D:2      | Reached XP level 3. HP: 31/33 MP: 2/2
  1589 | D:2      | Found a stormy altar of Qazlal.
  1647 | D:2      | Reached XP level 4. HP: 40/40 MP: 3/3
  2012 | D:3      | Found a sacrificial altar of Ru.
  2224 | D:3      | Noticed Jessica
  2226 | D:3      | Killed Jessica
  2226 | D:3      | Reached XP level 5. HP: 47/47 MP: 4/4
  2242 | D:3      | Noticed Terence
  2252 | D:3      | Killed Terence
  2447 | D:3      | Noticed Zooty's ghost (average OgFE)
  2457 | D:3      | Killed Zooty's ghost
  2457 | D:3      | Reached skill level 5 in Fighting
  2457 | D:3      | Reached skill level 5 in Armour
  2457 | D:3      | Reached skill level 5 in Shields
  2457 | D:3      | Reached XP level 6. HP: 38/56 MP: 5/5
  3419 | D:4      | Noticed mrath's ghost (average MiFi)
  3438 | D:4      | Killed mrath's ghost
  3438 | D:4      | Reached skill level 6 in Fighting
  3438 | D:4      | Reached skill level 5 in Axes
  3438 | D:4      | Reached skill level 1 in Throwing
  3438 | D:4      | Reached XP level 7. HP: 13/63 MP: 6/6
  3903 | D:4      | Got a fine chain mail
  4093 | D:4      | Noticed Natasha
  4094 | D:4      | Noticed Purgy
  4100 | D:4      | Killed Natasha
  4105 | D:4      | Killed Purgy
  4286 | D:4      | Noticed Sigmund
  4296 | D:4      | Killed Sigmund
  4296 | D:4      | Reached XP level 8. HP: 67/71 MP: 7/7
  4348 | D:4      | Noticed Natasha
  4359 | D:4      | Killed Natasha
  4370 | D:4      | Noticed Natasha
  4379 | D:4      | Killed Natasha
  4692 | D:4      | Noticed Grinder
  4852 | D:5      | Entered Level 5 of the Dungeon
  5139 | D:5      | Reached skill level 7 in Fighting
  5208 | D:5      | Found a sparkling altar of Nemelex Xobeh.
  5244 | D:5      | Identified the +6 chain mail "Jeol" {rElec} (You took it off a kobold on level 4 of the Dungeon)
  5553 | D:5      | Found a stormy altar of Qazlal.
  6360 | D:6      | Found a bloodstained altar of Trog.
  6360 | D:6      | Found a white marble altar of Elyvilon.
  6560 | D:6      | Reached XP level 9. HP: 80/80 MP: 8/8
  6785 | D:6      | Noticed Eustachio
  6795 | D:6      | Killed Eustachio
  6870 | D:6      | Found a sparkling altar of Nemelex Xobeh.
  7228 | D:6      | Noticed Menkaure
  7235 | D:6      | Killed Menkaure
  7294 | D:6      | Reached skill level 8 in Fighting
  7700 | D:7      | Found an ancient bone altar of Kikubaaqudgha.
  8092 | D:7      | Got an iridescent short sword
  8626 | D:8      | Reached skill level 5 in Throwing
  8840 | D:8      | Found a radiant altar of Vehumet.
  9337 | D:9      | Found an opulent altar of Gozag.
  9787 | D:9      | Reached skill level 9 in Fighting
  9803 | D:9      | Reached XP level 10. HP: 91/91 MP: 9/9
 10205 | D:9      | Reached skill level 1 in Dodging
 10301 | D:10     | Entered Level 10 of the Dungeon
 10353 | D:10     | Noticed a hill giant
 10367 | D:10     | Noticed cireshan's ghost (powerful DECj)
 10368 | D:10     | Killed a hill giant
 10758 | D:10     | Killed cireshan's ghost
 10990 | D:10     | Noticed a hill giant
 11002 | D:10     | Killed a hill giant
 11466 | D:10     | Reached skill level 10 in Fighting
 12749 | D:4      | Found a staircase to the Ecumenical Temple.
 12780 | Temple   | Entered the Ecumenical Temple
 12882 | Temple   | Became a worshipper of Warmaster Okawaru
 13209 | D:11     | Reached XP level 11. HP: 99/99 MP: 10/10
 13248 | D:11     | Reached skill level 10 in Shields
 13472 | D:11     | Identified the cursed +3 short sword of Weiga {speed, rN+} (You found it on level 7 of the Dungeon)
 13752 | D:11     | Reached skill level 1 in Evocations
 13814 | D:11     | Killed an unseen horror
 13814 | D:11     | Acquired Okawaru's first power
 14088 | D:11     | Reached skill level 1 in Invocations
 14106 | D:11     | Found a staircase to the Lair.
 14598 | D:11     | Noticed a cyclops
 14657 | D:11     | Killed a cyclops
 15165 | D:11     | Found Fauroy's Weapon Shop.
 15167 | D:11     | Noticed a white ugly thing
 15189 | D:11     | Killed a white ugly thing
 15189 | D:11     | Reached skill level 10 in Armour
 15801 | D:11     | Found a staircase to the Orcish Mines.
 15983 | Lair:1   | Entered Level 1 of the Lair of Beasts
 15983 | Lair:1   | Noticed Fannar
 16074 | Lair:1   | Reached skill level 10 in Axes
 16247 | Lair:1   | Killed Fannar
 16485 | Lair:1   | Reached skill level 5 in Dodging
 16677 | Lair:1   | Noticed Gastronok
 16734 | Lair:1   | Killed Gastronok
 16734 | Lair:1   | Received a gift from Okawaru
 17144 | Lair:1   | Got a scorched war axe
 17145 | Lair:1   | Identified the +8 war axe of the Wolf {elec, Str+2} (You found it on level 1 of the Lair of Beasts)
 17622 | Lair:2   | Reached XP level 12. HP: 108/108 MP: 10/13
 17627 | Lair:2   | Received a gift from Okawaru
 18186 | Lair:3   | Found a staircase to the Shoals.
 18376 | Lair:3   | Received a gift from Okawaru
 18458 | Lair:2   | Identified 4 scrolls of acquirement
 18577 | Lair:3   | Reached skill level 11 in Shields
 19866 | Lair:4   | Noticed Josephine
 20468 | Lair:4   | Received a gift from Okawaru
 20896 | Lair:4   | Acquired Okawaru's second power
 20950 | Lair:4   | Found a staircase to the Snake Pit.
 20992 | Lair:4   | Received a gift from Okawaru
 21091 | Lair:4   | Killed Josephine
 21100 | Lair:4   | Reached XP level 13. HP: 116/116 MP: 13/15
 21299 | Lair:5   | Received a gift from Okawaru
 22180 | Lair:5   | Reached skill level 5 in Invocations
 22358 | Lair:6   | Received a gift from Okawaru
 22842 | Lair:6   | Received a gift from Okawaru
 23524 | Lair:7   | Reached skill level 5 in Evocations
 23764 | Lair:7   | Received a gift from Okawaru
 24238 | Lair:8   | Entered Level 8 of the Lair of Beasts
 24304 | Lair:8   | Reached skill level 12 in Armour
 24452 | Lair:8   | Received a gift from Okawaru
 25643 | Lair:8   | Found a viscous altar of Jiyva.
 25643 | Lair:8   | Found a staircase to the Slime Pits.
 25656 | Lair:8   | Received a gift from Okawaru
 25941 | Lair:8   | Reached XP level 14. HP: 125/127 MP: 17/17
 26350 | Lair:1   | Upgraded the game from 0.17-a0-1575-g9a29ec8 to 0.17-a0-1582-ge6b0260
 26539 | Orc:1    | Entered Level 1 of the Orcish Mines
 26862 | Orc:1    | Noticed Nergalle
 26921 | Orc:1    | Killed Nergalle
 27116 | Orc:1    | Noticed Urug
 27129 | Orc:1    | Killed Urug
 27832 | Orc:2    | Noticed an orc warlord
 27858 | Orc:2    | Killed an orc warlord
 28857 | Orc:2    | Found a roughly hewn altar of Beogh.
 29552 | Orc:3    | Found a roughly hewn altar of Beogh.
 29711 | Orc:3    | Found a staircase to the Elven Halls.
 29759 | Orc:3    | Found a flagged portal.
 29771 | Bailey   | Entered a bailey
 30182 | Orc:3    | Found a roughly hewn altar of Beogh.
 30754 | Orc:2    | Received a gift from Okawaru
 31200 | Orc:4    | Entered Level 4 of the Orcish Mines
 31205 | Orc:4    | Noticed cireshan's ghost (powerful DECj)
 31229 | Orc:4    | Killed cireshan's ghost
 31364 | Orc:4    | Noticed an orc warlord
 31382 | Orc:3    | Killed an orc warlord
 31979 | Orc:4    | Received a gift from Okawaru
 32925 | Orc:4    | Received a gift from Okawaru
 33123 | Orc:4    | Found Wodghy Xitad's General Store.
 33123 | Orc:4    | Found Jushaz's Assorted Antiques.
 33128 | Orc:4    | Found Giyfeafro's Antique Armour Boutique.
 33128 | Orc:4    | Found Fokkifru's Gadget Emporium.
 33141 | Orc:4    | Bought a heavily runed wooden ring for 125 gold pieces
 33141 | Orc:4    | Bought 3 scrolls of identify for 150 gold pieces
 33142 | Orc:4    | Identified the ring of Lyhuefin {rElec MR+ MP+9 Str+3 Dex-5} (You bought it in a shop on level 4 of the Orcish Mines)
 33147 | Orc:4    | Reached skill level 10 in Throwing
 33147 | Orc:4    | Reached skill level 13 in Armour
 33147 | Orc:4    | Reached XP level 15. HP: 134/134 MP: 19/19
 33158 | Orc:4    | Bought a scroll of identify for 34 gold pieces
 33160 | Orc:4    | Bought a faintly humming plate armour for 1204 gold pieces
 33170 | Orc:4    | Identified the +2 plate armour "Emeaplor" {rElec Str+2 SInv} (You bought it in a shop on level 4 of the Orcish Mines)
 33193 | Orc:4    | Bought a scroll of enchant armour for 187 gold pieces
 33193 | Orc:4    | Bought a scroll labeled KILELA KANEFAD for 25 gold pieces
 33205 | Orc:4    | Bought a scroll of recharging for 161 gold pieces
 33663 | Elf:1    | Entered Level 1 of the Elven Halls
 33737 | Elf:1    | Received a gift from Okawaru
 33811 | Elf:1    | Received a gift from Okawaru
 34523 | Elf:1    | Received a gift from Okawaru
 34746 | Elf:1    | Reached XP level 16. HP: 60/143 MP: 21/21
 34748 | Elf:1    | Received a gift from Okawaru
 35479 | Elf:1    | Received a gift from Okawaru
 36060 | Elf:1    | Received a gift from Okawaru
 36076 | Elf:1    | Upgraded the game from 0.17-a0-1582-ge6b0260 to 0.17-a0-1583-g2df49ec
 36966 | Elf:2    | Received a gift from Okawaru
 37013 | Elf:2    | Found Vismukky's Antique Weapon Shoppe.
 37535 | Elf:3    | Entered Level 3 of the Elven Halls
 37956 | D:12     | Received a gift from Okawaru
 39252 | D:13     | Received a gift from Okawaru
 39252 | D:13     | Reached skill level 10 in Dodging
 39339 | D:13     | Found a portal to a secret trove of treasure.
 39609 | D:13     | Noticed Sonja
 39634 | D:13     | Killed Sonja
 40234 | D:13     | Received a gift from Okawaru
 40577 | D:14     | Reached skill level 14 in Shields
 40921 | D:14     | Received a gift from Okawaru
 41280 | D:14     | Received a gift from Okawaru
 41334 | D:14     | Found a gate to the Vaults.
 41377 | D:14     | Got a smoking hand crossbow
 41378 | D:14     | Identified the +8 hand crossbow "Ceoked" {flame, rPois rC- Stlth+} (You found it on level 14 of the Dungeon)
 41736 | D:14     | Found Neeso's Distillery.
 41759 | D:14     | Bought a potion of heal wounds for 50 gold pieces
 41759 | D:14     | Bought a potion of heal wounds for 50 gold pieces
 41759 | D:14     | Bought a potion of curing for 30 gold pieces
 41759 | D:14     | Bought a potion of cancellation for 80 gold pieces
 41759 | D:14     | Bought a potion of curing for 30 gold pieces
 41759 | D:14     | Bought a potion of curing for 30 gold pieces
 41759 | D:14     | Bought a potion of curing for 30 gold pieces
 42010 | D:15     | Entered Level 15 of the Dungeon
 42429 | D:15     | Reached XP level 17. HP: 151/151 MP: 22/22
 42430 | D:15     | Found a white marble altar of Elyvilon.
 42504 | D:15     | Received a gift from Okawaru
 42833 | D:15     | Found a staircase to the Depths.
 44366 | Elf:2    | Found a huge runed gate.
 44366 | Elf:2    | Found a huge runed gate.
 44366 | Elf:2    | Found a huge runed gate.
 44367 | Elf:2    | Found a huge runed gate.
 44370 | Elf:2    | Found a huge runed gate.
 44538 | Elf:2    | Received a gift from Okawaru
 44831 | Elf:2    | Gained mutation: You expend magic power (3 MP) to strengthen your wands. [a neqoxec]
 45753 | Elf:2    | Noticed a deep elf blademaster
 45778 | Elf:2    | Killed a deep elf blademaster
 47059 | Elf:3    | Reached skill level 10 in Invocations
 47242 | Elf:3    | Noticed a deep elf master archer
 47251 | Elf:3    | Killed a deep elf master archer
 47447 | Elf:3    | Received a gift from Okawaru
 47469 | Elf:3    | Reached skill level 15 in Armour
 47480 | Elf:3    | Noticed an Ice Fiend
 47480 | Elf:3    | Noticed a Brimstone Fiend
 47746 | Elf:3    | Received a gift from Okawaru
 47813 | Elf:3    | Noticed a deep elf blademaster
 47834 | Elf:3    | Killed a deep elf blademaster
 47834 | Elf:3    | Received a gift from Okawaru
 47837 | Elf:3    | Got a jewelled broad axe {god gift}
 47870 | Elf:3    | Reached XP level 18. HP: 129/161 MP: 24/24
 47978 | Elf:3    | Identified the +1 broad axe of the Brain {freeze, rN+} (Okawaru gifted it to you on level 3 of the Elven Halls)
 48024 | Elf:3    | Noticed a deep elf master archer
 48034 | Elf:3    | Killed a deep elf master archer
 48034 | Elf:3    | Reached skill level 15 in Shields
 48566 | Elf:3    | Received a gift from Okawaru
 48571 | Elf:3    | Got a crude demon whip {god gift}
 48579 | Elf:3    | Got a warped silver amulet
 49003 | Elf:3    | Noticed a Brimstone Fiend
 49466 | Elf:3    | Identified the amulet of the Cast Vote {Ward rC+ rN+ Str-2 Stlth+} (You took it off a deep elf fighter on level 3 of the Elven Halls)
 49810 | Elf:3    | Got a translucent glaive
 49816 | Elf:3    | Identified the +6 glaive "Dirang" {freeze, rElec rN+} (You took it off a deep elf demonologist on level 3 of the Elven Halls)
 50324 | Elf:3    | Got a brightly glowing jade ring
 50419 | Elf:3    | Identified Roxanne's Volume of the Rocks
 50445 | Elf:3    | Identified the ring of Noam {+Inv rC+} (You took it off a deep elf death mage on level 3 of the Elven Halls)
 50496 | Elf:3    | Got an ivory greatsling
 50497 | Elf:3    | Identified the cursed +1 greatsling of Cruel Justice {speed, rElec rN+ Int+2 Stlth-} (You found it on level 3 of the Elven Halls)
 50541 | Elf:3    | Identified the Disquisition on Contamination and Protection
 50542 | Elf:3    | Got an ichor-stained quicksilver dragon armour
 50558 | Elf:3    | Identified the quicksilver dragon armour of the Vestibule of Hell {rPois MR+ Str+3} (You took it off a deep elf high priest on level 3 of the Elven Halls)
 50593 | Elf:3    | Learned a level 2 spell: Swiftness
 50597 | Elf:3    | Identified Lirixtoo's Papyrus of Dislocation and Aid
 50609 | Elf:3    | Learned a level 1 spell: Corona
 51022 | Shoals:1 | Entered Level 1 of the Shoals
 51093 | Lair:3   | Got a pair of jewelled gloves
 51104 | Lair:3   | Identified the -7 pair of gloves "Puesm" {rElec Slay-5 SInv} (You acquired it on level 3 of the Lair of Beasts)
 51278 | Shoals:1 | Found Juselobo's Food Emporium.
 51540 | Shoals:1 | Reached skill level 15 in Axes
 51752 | Shoals:1 | Reached skill level 15 in Fighting
 52492 | Shoals:1 | Reached skill level 10 in Evocations
 52496 | Shoals:1 | Received a gift from Okawaru
 52978 | Shoals:2 | Noticed Polyphemus
 52997 | Shoals:2 | Killed Polyphemus
 53772 | Shoals:2 | Received a gift from Okawaru
 54063 | Shoals:3 | Got a brightly glowing war axe
 54064 | Shoals:3 | Identified the +2 war axe "Wuxuoheq" {chop, rC+ Int+2} (You found it on level 3 of the Shoals)
 54326 | Shoals:3 | Gained mutation: Your spells are a little harder to cast, but a little more powerful. [potion of beneficial mutation]
 54476 | Shoals:3 | Found a frozen archway.
 54486 | IceCv    | Entered an ice cave
 55037 | IceCv    | Got an amber-encrusted ring mail
 55048 | IceCv    | Identified the +1 ring mail of Slovenliness {*Corrode +Fly rElec rCorr} (You found it in an ice cave)
 55086 | IceCv    | Reached XP level 19. HP: 139/170 MP: 26/26
 56357 | Shoals:4 | Entered Level 4 of the Shoals
 56802 | Shoals:4 | Reached skill level 16 in Armour
 56862 | Shoals:4 | Got a barnacled rune of Zot
 57156 | Shoals:4 | Noticed Ilsuiw
 57161 | Shoals:4 | Received a gift from Okawaru
 57177 | Shoals:4 | Killed Ilsuiw
 58131 | Snake:1  | Entered Level 1 of the Snake Pit
 58239 | Snake:1  | Received a gift from Okawaru
 58969 | Snake:2  | Received a gift from Okawaru
 59052 | Snake:2  | Found Vuang's Antique Armour Shop.
 59189 | Snake:2  | Identified a +0 rod of the swarm (10/10) (You took it off a naga on level 2 of the Snake Pit)
 59252 | Snake:2  | Received a gift from Okawaru
 59998 | Snake:3  | Received a gift from Okawaru
 60418 | Snake:3  | Noticed Agnes
 60465 | Snake:3  | Killed Agnes
 60465 | Snake:3  | Received a gift from Okawaru
 60838 | Snake:4  | Entered Level 4 of the Snake Pit
 60946 | Snake:4  | Noticed Jorgrun
 60957 | Snake:4  | Killed Jorgrun
 60957 | Snake:4  | Received a gift from Okawaru
 60959 | Snake:4  | Reached XP level 20. HP: 161/180 MP: 27/27
 61493 | Snake:4  | Found an ancient bone altar of Kikubaaqudgha.
 61531 | Snake:4  | Received a gift from Okawaru
 61608 | Snake:4  | Noticed Vashnia
 61630 | Snake:4  | Killed Vashnia
 62031 | Snake:4  | Received a gift from Okawaru
 63055 | Snake:4  | Received a gift from Okawaru
 63867 | Snake:4  | Received a gift from Okawaru
 64496 | Snake:4  | Reached skill level 15 in Throwing
 64516 | Snake:4  | Got a serpentine rune of Zot
 64922 | Lair:2   | Upgraded the game from 0.17-a0-1583-g2df49ec to 0.17-a0-1591-g7a45446
 65074 | Vaults:1 | Entered Level 1 of the Vaults
 65408 | Vaults:1 | Reached skill level 17 in Armour
 65421 | Vaults:1 | Received a gift from Okawaru
 66795 | Vaults:1 | Reached XP level 21. HP: 174/189 MP: 29/29
 67702 | Vaults:2 | Received a gift from Okawaru
 68014 | Vaults:2 | Received a gift from Okawaru
 68551 | Vaults:2 | Found a staircase to the Crypt.
 70505 | Vaults:2 | Received a gift from Okawaru
 71373 | Vaults:3 | Received a gift from Okawaru
 72754 | Vaults:3 | Received a gift from Okawaru
 73820 | Vaults:3 | Reached XP level 22. HP: 152/200 MP: 30/30
 73875 | Vaults:3 | Received a gift from Okawaru
 74500 | Vaults:3 | Identified the Catalogue of Ashen Necromancy (You found it on level 3 of the Vaults)
 74676 | Vaults:3 | Received a gift from Okawaru
 74741 | Vaults:3 | Found Qiass's Antique Weapon Shoppe.
 75208 | Vaults:4 | Reached skill level 18 in Armour
 75310 | Vaults:4 | Found a flickering gateway to a bazaar.
 75322 | Bazaar   | Entered a bazaar
 75326 | Bazaar   | Found Kivopp's Book Boutique.
 75350 | Bazaar   | Found Otiug's Antique Weapon Shoppe.
 75367 | Bazaar   | Found Ohazixtaofo's Distillery.
 75385 | Bazaar   | Found Onejoem's Book Emporium.
 75445 | Bazaar   | Bought a potion of heal wounds for 50 gold pieces
 75445 | Bazaar   | Bought a potion of heal wounds for 50 gold pieces
 75445 | Bazaar   | Bought a potion of curing for 30 gold pieces
 75445 | Bazaar   | Bought a potion of curing for 30 gold pieces
 75445 | Bazaar   | Bought a potion of curing for 30 gold pieces
 75445 | Bazaar   | Bought a potion of resistance for 100 gold pieces
 75476 | Bazaar   | Bought a manual of Fighting for 1435 gold pieces
 76101 | Vaults:4 | Received a gift from Okawaru
 76123 | Vaults:4 | Reached skill level 15 in Dodging
 76643 | Vaults:4 | Received a gift from Okawaru
 76970 | Vaults:5 | Entered Level 5 of the Vaults
 77045 | Vaults:4 | Received a gift from Okawaru
 77561 | Vaults:4 | Reached XP level 23. HP: 92/210 MP: 32/32
 78138 | Vaults:5 | HP: 7/211 [yaktaur captain (15)]
 78139 | Vaults:5 | Annihilated by a titan

Vault maps used:
D:1:      dpeg_arrival_rhombi
D:2:      nicolae_qazlal_general_emergency, minivault_26
D:3:      hangedman_ru_absence, first_bread, uniq_terence, uniq_jessica
D:4:      minmay_temple_entry_overgrown, kennysheep_nub,
          makhleb_blood_cavern_becter, uniq_natasha, uniq_purgy, uniq_sigmund,
          uniq_grinder
D:5:      hangedman_feature_mirror
D:6:      gammafunk_temple_overflow_elements, nemelex_spade_bored_becter,
          uniq_menkaure, uniq_eustachio
D:7:      kennysheep_mini_moat
D:8:      kennysheep_mini
D:9:      nicolae_gozag_cash_rules_everything_around_me, grunt_ogre_cave
D:11:     lair_0_dummy, erik_orc_2, serial_shops, shop
D:13:     four-leaf_vault, trove_entry_hex_spiral, special_room,
          kennysheep_small_circle, uniq_sonja
D:14:     hangedman_vaults_entry_quadrant_bands, serial_shops, shop_coins
D:15:     grunt_enter_depths_hoard, basic_altar, glass_columns_c,
          nicolae_sextant, minmay_brain_eaters
Temple:   chambers_temple_12
Lair:1:   uniq_gastronok, uniq_fannar
Lair:3:   minmay_shoals_entry_beasts, serial_bayou_shore_b, grunt_megastairs_3,
          lemuel_fruit_tree
Lair:4:   minmay_snake_entry_six_corridors, beast_lair_carwin_11,
          lemuel_fruit_fields, bh_autumn_forest_stairs, uniq_josephine
Lair:5:   nicolae_quartered_pool_super, serial_bayou_lake_a
Lair:6:   st_stairs_8
Lair:8:   minmay_lair_end_frog_pond, slime_altar_1, minmay_another_anthill
Shoals:1: nicolae_shoals_island_circles, serial_shops, shop_fountains
Shoals:2: uniq_polyphemus
Shoals:3: portal_ice_cave_entry_ugly_swarm
Shoals:4: shoals_end_hangedman, shoals_ilsuiw_alternative, uniq_kirke,
          uniq_aizul
Snake:1:  nicolae_coiled_stairwell_down
Snake:2:  serial_shops, nicolae_shop_overgrown_old_shop
Snake:3:  serial_bayou_shore_a, uniq_agnes
Snake:4:  snake_pit_salamanders_mu, basic_altar, uniq_vashnia, uniq_jorgrun
Orc:1:    uniq_nergalle, uniq_urug
Orc:2:    orc_temple
Orc:3:    enter_bailey_8, nicolae_orc_pool_cavern, hangedman_feature_mirror
Orc:4:    grunt_orc_tribal_feast
Elf:1:    hangedman_elf_represent, nicolae_elf_big_sculpture_2,
          grunt_megastairs_4
Elf:2:    serial_shops, shop, basic_stair_grate_trap
Elf:3:    minmay_elf_hall_x
Vaults:1: vaults_standard_mumra_enter_the_diamond, v_rooms_1,
          hangedman_vaults_trim, hangedman_vaults_variations,
          nicolae_vaults_circle_grid_b, v_pattern_4
Vaults:2: nicolae_vaults_windows_and_doors_thing, v_misc_28,
          minmay_crypt_entry_simple_sparse, hangedman_vaults_maws, v_misc_33,
          hangedman_vaults_stagger, nicolae_vaults_murderbox, v_alt_pattern_6,
          ontoclasm_vaults_ring_square, ontoclasm_vaults_ligature,
          ontoclasm_vaults_pinch, grunt_vaults_hallway_short, vaults_dpeg_ring
Vaults:3: nicolae_vaults_meeting, hangedman_vaults_stitches,
          hangedman_vaults_nodes, grunt_vaults_funnel, nicolae_vaults_gold_heap,
          grunt_vaults_swirl, hangedman_vaults_impose, v_pattern_1,
          vaults_room_fancy_cross, vaults_room_fours, serial_shops,
          nicolae_shop_stone
Vaults:4: v_pattern_3, v_alt_pattern_2, v_misc_1, vaults_mumra_bighexcomb,
          hangedman_vaults_unwind, nicolae_vaults_sealed_display,
          ontoclasm_vaults_chip, vaults_dpeg_diagonal, serial_shops,
          bzr_entry_dummy
Bazaar:   bazaar_jpeg_circle_common
Bailey:   bailey_axe_2, bailey
IceCv:    ice_cave_tombish

Action                   |  1- 3 |  4- 6 |  7- 9 | 10-12 | 13-15 | 16-18 | 19-21 | 22-24 || total
-------------------------+-------+-------+-------+-------+-------+-------+-------+-------++-------
Melee: War axe           |    74 |   121 |   297 |   546 |   719 |  1344 |  1446 |   499 ||  5046
       Falchion          |       |       |       |    12 |       |       |       |       ||    12
       Flail             |       |       |       |       |   206 |    19 |     2 |       ||   227
       Unarmed           |       |       |       |       |     4 |    26 |       |       ||    30
       Broad axe         |       |       |       |       |       |    62 |       |       ||    62
       Trident           |       |       |       |       |       |       |    51 |       ||    51
       Demon whip        |       |       |       |       |       |       |       |    12 ||    12
 Fire: Blowgun           |       |    12 |   125 |   213 |    44 |       |       |       ||   394
Throw: Javelin           |       |     4 |    13 |    21 |   119 |   293 |   543 |    47 ||  1040
       Tomahawk          |       |       |    17 |    31 |   205 |   107 |       |     4 ||   364
       Stone             |       |       |       |     2 |       |       |       |       ||     2
Invok: Heroism           |       |       |       |     8 |    21 |    26 |    43 |    15 ||   113
       Finesse           |       |       |       |       |     5 |     7 |    10 |     4 ||    26
Evoke: Wand              |       |       |       |     5 |     6 |     7 |    33 |     2 ||    53
       Deck              |       |       |       |       |       |       |     2 |     1 ||     3
       Lamp of fire      |       |       |       |       |       |       |       |     1 ||     1
  Use: Scroll            |       |     4 |    15 |    17 |    15 |    19 |    20 |     5 ||    95
       Potion            |       |     2 |       |     5 |     2 |    13 |     8 |       ||    30
 Stab: Distracted        |       |       |     1 |     2 |       |       |       |       ||     3
  Eat: Chunk             |     2 |     6 |    17 |    11 |    22 |    11 |     9 |       ||    78
       Pizza             |       |       |     3 |     1 |       |     1 |     2 |       ||     7
       Royal jelly       |       |       |       |     2 |       |       |     4 |     2 ||     8
       Beef jerky        |       |       |       |    13 |       |     1 |       |       ||    14
       Bread ration      |       |       |       |       |     5 |     5 |     3 |     1 ||    14
       Fruit             |       |       |       |       |     1 |    12 |    16 |       ||    29
       Meat ration       |       |       |       |       |       |     7 |     3 |     1 ||    11
